 Dungeon Crawl Stone Soup version 0.29.1-2-gbd0b4ee654 (webtiles) character file.

Game seed: 2490794678323478471

72 warriortoast the Digger (level 4, -2/24 HPs)
             Began as a Gargoyle Earth Elementalist on Nov 2, 2022.
             Killed by divine providence
             ... invoked by an orc priest
              (14 damage)
             ... on level 3 of the Dungeon.
             The game lasted 00:03:42 (1488 turns).

warriortoast the Digger (GrEE)                      Turns: 1488, Time: 00:03:42

Health: -2/24      AC:  7    Str: 14    XL:     4   Next: 25%
Magic:  7/7        EV: 12    Int: 15    God:
Gold:   51         SH:  0    Dex: 10    Spells: 6/7 levels left

rFire   . . .      SeeInvis .   s - staff of earth
rCold   . . .      Faith    .   (no shield)
rNeg    + . .      Spirit   .   a - +0 robe
rPois   ∞          Reflect  .   (no helmet)
rElec   +          Harm     .   (no cloak)
rCorr   .          Rampage  .   f - +0 pair of gloves
Will    .....                   p - +0 pair of boots
Stlth   ++........              (no amulet)
HPRegen 0.08/turn               (no ring)
MPRegen 0.10/turn               (no ring)

@: no status effects
A: sickness immunity, AC +3, negative energy resistance 1, electricity
resistance, torment resistance 1, petrification resistance
a: no special abilities


You were on level 3 of the Dungeon.
You visited 1 branch of the dungeon, and saw 3 of its levels.

You collected 51 gold pieces.

Inventory:

Hand Weapons
 d - a +0 spear
 h - a +5 short sword of speed
Missiles
 g - 6 poisoned darts
Armour
 a - a +0 robe (worn)
 f - a +0 pair of gloves (worn)
 p - a +0 pair of boots (worn)
Magical Staves
 s - a staff of earth (weapon)
Scrolls
 e - a scroll of magic mapping {unknown}
 n - a scroll of identify {unknown}
 r - a scroll of poison {unknown}
 t - a scroll of vulnerability {unknown}
Potions
 b - a potion of magic
 c - a potion of curing {unknown}
 i - 2 potions of ambrosia {unknown}
 j - 2 potions of mutation {unknown}
 k - a potion of invisibility {unknown}
 l - a potion of flight {unknown}
 m - a potion of haste {unknown}
 o - a potion of brilliance {unknown}
 q - a potion of heal wounds {unknown}
 u - a potion of lignification {unknown}


   Skills:
 + Level 1.9 Dodging
 + Level 2.9 Stealth
 + Level 2.4 Spellcasting
 + Level 1.5 Conjurations
 + Level 1.3 Transmutations
 + Level 4.1 Earth Magic


You had 6 spell levels left.
You knew the following spells:

 Your Spells              Type           Power      Damage    Failure   Level
a - Sandblast             Erth           42%        2d11      4%          1

Your spell library contained the following spells:

 Spells                   Type           Power      Damage    Failure   Level
 Passwall                 Tmut/Erth      12%        N/A       11%         2
 Stone Arrow              Conj/Erth      30%        3d8       21%         3
 Petrify                  Tmut/Erth      15%        N/A       56%         4


Dungeon Overview and Level Annotations

Branches:
Dungeon (3/15)

Altars:
Ru
Vehumet

Annotations:
D:2 Sigmund


Innate Abilities, Weirdness & Mutations

You are immune to sickness and miasma.
Your stone body is resilient. (AC +3)
You are immune to poison.
You resist negative energy. (rN+)
You are resistant to electric shocks. (rElec)
You are resistant to unholy torment.
You are immune to petrification.


Message History

The adder misses you. The adder bites you but does no damage.
You feel a surge of power!
The blast of sand misses the adder.
The adder bites you. x2
You feel a surge of power!
The blast of sand hits the adder!
You kill the adder!
You start resting.
HP restored.
Magic restored.
Found a chain mail.
Found a stone staircase leading up.
Found a sacrificial altar of Ru.
A bat comes into view.
A bat is nearby!
You can't see any susceptible monsters within range! (Use Z to cast anyway.)
You feel a surge of power!
The blast of sand hits the bat but does no damage.
The bat barely misses you.
You feel a surge of power!
The blast of sand hits the bat!
You kill the bat!
u - a lumpy green potion
Found a hand axe.
No target in view!
There is a stone staircase leading down here.
A ball python comes into view.
The ball python hisses angrily.
You feel a surge of power!
The blast of sand hits the ball python!
You kill the ball python!
An orc comes into view. It is wielding a +0 morningstar.
An orc priest and an orc come into view.
The orc priest shouts!
The orc shouts!
An orc comes into view. It is wielding a +0 mace.
A kobold and an endoplasm come into view.
The orc priest looks satisfied for a moment.
The orc priest mumbles some strange prayers to Beogh against you.
Beogh smites you!
Ouch! That really hurt!
The orc priest mumbles some strange prayers to Beogh against you.
Beogh smites you!
Ouch! That really hurt!
You die...

......................≈≈≈≈≈.≈≈
.#####...................†....
# #######.....####........#
..######.......# #........#
.......#.#.....# #.........
.......#.######## #.........
............#...########....
.......#.##.#...#...........
...###.#..#@#....(..........
.........................>..
..#......#.........♣♣♣♣♣♣♣♣
#......#........♣..≈§§≈§.
#......#...o..(.♣.≈.§§..≈
.................♣§§§§≈§.≈
........#...oo....♣§§§§..≈≈
........#....#....♣.≈≈._.≈§
......#.........♣.≈≈...≈§


You could see an orc priest and 2 orcs.

Vanquished Creatures
  Natasha (D:2)
  2 adders
  An orc (D:3)
  3 bats
  2 endoplasms (D:1)
  2 goblins (D:1)
  3 jackals (D:1)
  2 quokkas
  4 ball pythons
  A frilled lizard (D:1)
  4 kobolds
  4 rats
29 creatures vanquished.

Notes
Turn   | Place    | Note
-------+----------+-------------------------------------------
     0 | D:1      | warriortoast the Gargoyle Earth Elementalist began the
                  | quest for the Orb.
     0 | D:1      | Reached XP level 1. HP: 10/10 MP: 3/3
   281 | D:1      | Reached XP level 2. HP: 15/15 MP: 5/5
   373 | D:1      | Reached skill level 1 in Transmutations
   621 | D:1      | Found a faded altar of an unknown god.
   944 | D:2      | Noticed Natasha
   946 | D:2      | Reached skill level 1 in Conjurations
   946 | D:2      | Reached XP level 3. HP: 19/19 MP: 3/6
  1003 | D:2      | Killed Natasha
  1004 | D:2      | Reached skill level 4 in Earth Magic
  1090 | D:2      | Noticed Sigmund
  1139 | D:3      | Found a radiant altar of Vehumet.
  1141 | D:3      | Reached XP level 4. HP: 14/24 MP: 4/7
  1389 | D:3      | Found a sacrificial altar of Ru.
  1488 | D:3      | Killed from afar by an orc priest

Illustrated notes

Levels and vault maps discovered:
D:1:      lemuel_arrival_hallway, layout_basic, chequers_ecumenical_altar_lobes
D:2:      layout_loops_cross, uniq_robin, uniq_natasha, uniq_sigmund
D:3:      layout_basic, mainiacjoe_overflow_concentric_impassable,
          mainiacjoe_overflow_paths, xom_redecorated, amcnicky_altar_gilded,
          kennysheep_generic_room_4

Skill      XL: |  1  2  3 |
---------------+----------+-----
Transmutations | 1 |  1.3
Conjurations   | 1 |  1.5
Earth Magic    | 4 |  4.1
Dodging        | |  1.9
Stealth        | |  2.9
Spellcasting   | |  2.4

Action                   |  1- 3 |  4- 6 || total
-------------------------+-------+-------++-------
Melee: Short sword       |     8 |       ||     8
       Punch             |     1 |       ||     1
 Cast: Sandblast         |    28 |    10 ||    38
Armor: Robe              |     2 |     3 ||     5
Dodge: Dodged            |     8 |     5 ||    13
